 Dungeon Crawl Stone Soup version 0.30.0-29-ga12c61a403 (webtiles) character file.

Game seed: 4383451275936996724

145 qw the Chopper (level 5, 0/32 HPs)
             Began as a Gargoyle Fighter on June 2, 2023.
             Slain by a hobgoblin (6 damage)
             ... led by Robin
             ... on level 3 of the Dungeon.
             The game lasted 00:01:02 (2211 turns).

qw the Chopper (Gargoyle Fighter)                   Turns: 2211, Time: 00:01:02

Health: 0/32       AC: 14    Str: 21    XL:     5   Next: 27%
Magic:  5/5        EV:  7    Int:  9    God:
Gold:   212        SH:  4    Dex:  9    Spells: 4/4 levels left

rFire   . . .        Y - +0 war axe
rCold   . . .        c - +0 buckler
rNeg    + . .        f - +0 chain mail
rPois   inf          (no helmet)
rElec   +            (no cloak)
rCorr   .            h - +0 pair of gloves
SInv    .            (no boots)
Will    .....        (no amulet) Stlth
                     (no ring)
HPRegen 0.25/turn    (no ring)
MPRegen 0.09/turn

%: no passive effects
@: no status effects
A: sickness immunity, AC +4, negative energy resistance 1, electricity
resistance, torment resistance 1, petrification resistance
a: no special abilities


You were on level 3 of the Dungeon.
You visited 1 branch of the dungeon, and saw 3 of its levels.

You collected 212 gold pieces.


Innate Abilities, Weirdness & Mutations

You are immune to sickness and miasma.
Your stone body is resilient. (AC +4)
You are immune to poison.
You resist negative energy. (rN+)
You are resistant to electric shocks. (rElec)
You are resistant to unholy torment.
You are immune to petrification.


   Skills:
 - Level 3.2 Fighting
 + Level 4.8 Axes
 - Level 3.2 Armour
 - Level 3.2 Shields


You had 4 spell levels left.
You didn't know any spells.
Your spell library was empty.

Inventory:

Hand Weapons
 e - a +0 flail
 Y - a +0 war axe (weapon)
Armour
 c - a +0 buckler (worn)
 f - a +0 chain mail (worn)
 h - a +0 pair of gloves (worn)
Scrolls
 g - 2 scrolls of identify
Potions
 a - a potion of haste {unknown}
 d - 2 potions of might

Dungeon Overview and Level Annotations

Branches:
Dungeon (3/15)

Altars:

Annotations:
D:3 Robin


Message History

The hobgoblin hits you but does no damage.
Robin throws the goblin at you!
The goblin unwields a +0 sling.
The goblin wields a +0 club.
The goblin closely misses you.
You closely miss the hobgoblin.
The hobgoblin is almost dead.
You barely miss the hobgoblin. You hit the hobgoblin. You hit the goblin. x2
You kill the goblin!
You barely miss Robin.
The hobgoblin hits you but does no damage.
The hobgoblin closely misses you.
Robin laughs in a distinctly smug fashion.
Robin closely misses you. The hobgoblin closely misses you.
The goblin hits you but does no damage. The hobgoblin barely misses you.
The hobgoblin hits you but does no damage.
Robin hits you but does no damage.
The hobgoblin hits you but does no damage.
You closely miss the hobgoblin.
The hobgoblin is almost dead.
You hit the goblin.
You kill the goblin!
You closely miss Robin. You barely miss the hobgoblin.
You closely miss the hobgoblin.
The hobgoblin hits you. x2; The hobgoblin closely misses you.
Robin hits you but does no damage.
You closely miss the hobgoblin.
The hobgoblin is almost dead.
You hit the hobgoblin. You hit the hobgoblin but do no damage.
You barely miss Robin.
The hobgoblin hits you but does no damage.
The hobgoblin barely misses you. x2; Robin hits you but does no damage.
You barely miss the hobgoblin.
The hobgoblin is almost dead.
You barely miss Robin. You barely miss the hobgoblin. You slash the hobgoblin!
You kill the hobgoblin!
You block the hobgoblin's attack.
The hobgoblin hits you but does no damage.
Robin hits you but does no damage. You block the hobgoblin's attack.
Robin flexes a bicep menacingly.
Robin hits you but does no damage. The hobgoblin hits you.
You die...

###.......#
............#
#..#........# ########
#..........# #.......
g#.........### #.######
#..#..........# #.#
....#.......#.###.######
.....#g#g#.#.......##...
......g@)..#............
.....#))#.###...........
.......#.## #.###..##...
.....#..#####)........#.
.......# #.%.).....##...
####.## #.#####........
#. #.# #.#.##### # #.#
#.#...... #.#####.#
#.#..#.##


You could see Robin and 2 hobgoblins.

Vanquished Creatures
  A scorpion (D:3)
  An adder (D:3)
  A worm (D:2)
  4 dart slugs
  2 orcs (D:3)
  4 ball pythons
  3 endoplasms
  7 giant cockroaches
  8 hobgoblins
  4 jackals (D:1)
  6 kobolds
  A quokka (D:2)
  5 bats
  A frilled lizard (D:2)
  7 goblins
  2 rats (D:1)
57 creatures vanquished.

Notes
Turn   | Place    | Note
-------+----------+-------------------------------------------
     0 | D:1      | qw the Gargoyle Fighter began the quest for the Orb.
     0 | D:1      | Reached XP level 1. HP: 14/14 MP: 1/1
     0 | D:1      | 0 ||| qw: Version: 0.2-a-102-gdf20003
     0 | D:1      | 0 ||| qw: Game counter: 931
     0 | D:1      | 0 ||| qw: Always use a shield: true
     0 | D:1      | 0 ||| qw: God list: Okawaru
     0 | D:1      | 0 ||| qw: Allow faded altars: false
     0 | D:1      | 0 ||| qw: Do Orc after D:15 true
     0 | D:1      | 0 ||| qw: Do second Lair branch before Depths: true
     0 | D:1      | 0 ||| qw: Lair rune preference: random
     0 | D:1      | 0 ||| qw: Plans: Normal, Zot:1-4, Slime:5, God:TSO, Crypt,
                  | Tomb, Pan, Hells, Abyss, Win
     0 | D:1      | 0 ||| PLANNING D:1-11
    13 | D:1      | 13 ||| Stepping ~*~*~tactically~*~*~ (stealth).
    14 | D:1      | 14 ||| Stepping ~*~*~tactically~*~*~ (stealth).
    21 | D:1      | Reached skill level 2 in Axes
    21 | D:1      | 21 ||| Stepping ~*~*~tactically~*~*~ (stealth).
    22 | D:1      | 22 ||| Stepping ~*~*~tactically~*~*~ (stealth).
    76 | D:1      | Reached XP level 2. HP: 19/19 MP: 2/2
   281 | D:1      | 281 ||| DROPPING +0 club.
   405 | D:1      | 405 ||| Stepping ~*~*~tactically~*~*~ (hiding).
   587 | D:1      | 587 ||| Stepping ~*~*~tactically~*~*~ (stealth).
   602 | D:1      | Reached skill level 3 in Axes
   852 | D:1      | Reached XP level 3. HP: 23/23 MP: 3/3
   878 | D:1      | 878 ||| UPGRADING to +0 pair of gloves.
   883 | D:1      | 883 ||| READING scroll labelled SIAF BARIYCUA.
   884 | D:1      | 884 ||| READING 2 scrolls labelled RIN FO ZEOJYV.
   885 | D:1      | 885 ||| READING 2 scrolls labelled GUGUCO OSAUNT.
   886 | D:1      | 886 ||| DROPPING scroll of blinking.
  1000 | D:2      | 1000 ||| Stepping ~*~*~tactically~*~*~ (stealth).
  1001 | D:2      | 1001 ||| Stepping ~*~*~tactically~*~*~ (stealth).
  1010 | D:2      | 1010 ||| Stepping ~*~*~tactically~*~*~ (stealth).
  1011 | D:2      | 1011 ||| Stepping ~*~*~tactically~*~*~ (stealth).
  1339 | D:2      | 1339 ||| DROPPING +0 whip.
  1835 | D:2      | 1835 ||| UPGRADING to +0 chain mail.
  1845 | D:2      | 1845 ||| DROPPING +0 scale mail.
  1846 | D:2      | 1846 ||| READING scroll labelled QACOYST MOHINK.
  1847 | D:2      | 1847 ||| READING 2 scrolls of identify.
  1847 | D:2      | 1847 ||| IDENTIFYING murky clear potion
  1848 | D:2      | 1848 ||| DROPPING potion of berserk rage.
  2004 | D:3      | 2004 ||| Stepping ~*~*~tactically~*~*~ (stealth).
  2005 | D:3      | 2005 ||| Stepping ~*~*~tactically~*~*~ (stealth).
  2006 | D:3      | 2006 ||| Stepping ~*~*~tactically~*~*~ (stealth).
  2007 | D:3      | 2007 ||| Stepping ~*~*~tactically~*~*~ (stealth).
  2007 | D:3      | Noticed a scorpion
  2008 | D:3      | 2008 ||| Stepping ~*~*~tactically~*~*~ (stealth).
  2013 | D:3      | Reached XP level 4. HP: 25/28 MP: 4/4
  2019 | D:3      | Killed a scorpion
  2020 | D:3      | Reached skill level 4 in Axes
  2020 | D:3      | Reached XP level 5. HP: 28/32 MP: 5/5
  2079 | D:3      | 2079 ||| Stepping ~*~*~tactically~*~*~ (stealth).
  2081 | D:3      | 2081 ||| Stepping ~*~*~tactically~*~*~ (stealth).
  2194 | D:3      | 2194 ||| Stepping ~*~*~tactically~*~*~ (stealth).
  2195 | D:3      | Noticed Robin
  2196 | D:3      | 2196 ||| Stepping ~*~*~tactically~*~*~ (hiding).
  2207 | D:3      | HP: 8/32 [hobgoblin[Robin] (3)]
  2211 | D:3      | Slain by a hobgoblin

Levels and vault maps discovered:
D:1:      pf_arrival_petrified_forest, layout_loops_ring, serial_bayou_pond_d,
          minmay_cupped
D:2:      layout_basic
D:3:      layout_loops_ring, ebering_ecumenical_altar_abandoned,
          hangedman_decor_opposing, minmay_close_crescents, uniq_robin,
          uniq_grinder

Skill      XL: |  1  2  3  4 |
---------------+-------------+-----
Axes           | 2 3 4 |  4.8
Fighting       | |  3.2
Armour         | |  3.2
Shields        | |  3.2

Action                     |  1- 3 |  4- 6 || total
---------------------------+-------+-------++-------
  Melee: War axe           |   110 |    36 ||   146
    Use: Scroll            |     5 |       ||     5
 Armour: Scale mail        |    42 |       ||    42
         Chain mail        |     5 |    42 ||    47
  Dodge: Dodged            |    46 |    22 ||    68
  Block: Buckler           |    13 |    12 ||    25

Table legend:
 A = Non-vault XP
 B = Vault XP
 C = Vault XP percentage of total XP
 D = Non-vault monster count
 E = Vault monster count
 F = Vault count percentage of total count
                 A         B        C        D         E       F
            +---------+---------+-------+---------+---------+-------
      Total |     187 |      23 |  11.0 |      46 |      11 |  19.3
            +---------+---------+-------+---------+---------+-------
        D:1 |      31 |       7 |  18.4 |      16 |       3 |  15.8
        D:2 |      40 |       0 |   0.0 |      20 |       0 |   0.0
        D:3 |     116 |      16 |  12.1 |      10 |       8 |  44.4
            +---------+---------+-------+---------+---------+-------
